 Dungeon Crawl Stone Soup version 0.30-a0-715-gdb4ae3ece1 (webtiles) character file.

Game seed: 2327641695387158747

47 purpskrrrp the Chopper (level 3, -4/29 HPs)
             Began as a Demonspawn Fighter on Jan 23, 2023.
             Killed by divine providence
             ... invoked by an orc priest
              (11 damage)
             ... on level 3 of the Dungeon.
             The game lasted 00:02:29 (1690 turns).

purpskrrrp the Chopper (Demonspawn Fighter)         Turns: 1690, Time: 00:02:29

Health: -4/29      AC: 11    Str: 18    XL:     3   Next: 48%
Magic:  3/3        EV:  9    Int:  9    God:
Gold:   115        SH:  8    Dex: 12    Spells: 2/2 levels left

rFire   . . .      SeeInvis .    a - +0 war axe
rCold   . . .      Faith    +    c - +0 buckler
rNeg    . . .      Spirit   .    b - +0 scale mail
rPois   .          Reflect  .    n - +2 helmet
rElec   .          Harm     .    (no cloak)
rCorr   .          Rampage  .    (no gloves)
Will    .....                    o - +0 pair of boots Stlth
                                 g - amulet of faith
HPRegen 0.24/turn                (no ring)
MPRegen 0.08/turn                (no ring)

@: mighty
A: rugged brown scales 1, condensation shield
a: no special abilities


You were on level 3 of the Dungeon.
You visited 1 branch of the dungeon, and saw 3 of its levels.

You collected 115 gold pieces.

Inventory:

Hand Weapons
 a - a +0 war axe (weapon)
Missiles
 j - 2 poisoned darts
Armour
 b - a +0 scale mail (worn)
 c - a +0 buckler (worn)
 i - a +0 helmet
 n - a +2 helmet (worn)
 o - a +0 pair of boots (worn)
Jewellery
 g - an amulet of faith (around neck)
Scrolls
 l - 2 scrolls of teleportation
 m - a scroll of magic mapping
Potions
 d - a potion of might
 e - 2 potions of curing {unknown}
 f - a potion of flight {unknown}
 r - 2 potions of resistance {unknown}


   Skills:
 - Level 3.0 Fighting
 + Level 3.4 Axes
 - Level 2.7 Armour
 - Level 2.7 Shields


You had 2 spell levels left.
You didn't know any spells.
Your spell library contained the following spells:

 Spells                   Type           Power      Damage    Failure   Level
 Animate Dead             Necr           0%         N/A       100%        4
 Haunt                    Necr/Summ      0%         N/A       100%        7
 Infestation              Necr           0%         N/A       100%        8


Dungeon Overview and Level Annotations

Branches:
Dungeon (3/15)

Altars:

Shops:
D:1 [!


Innate Abilities, Weirdness & Mutations

You are partially covered in rugged brown scales. (AC +1, +3% HP)
A meltable shield of frost defends you. (SH +4)


Message History

You open the door. 3 orcs and an orc priest come into view.
The orc shouts! x3; The orc priest shouts!
You hear an angry hiss.
Found a stone staircase leading down.
There are monsters nearby!
There are monsters nearby!
There are monsters nearby!
An orc priest and an adder come into view.
The orc priest shouts!
The adder hisses angrily.
You hear a shout!
There is an open door here.
The adder attacks as you move away! You block the adder's attack.
The orc priest calls down the wrath of Beogh upon you.
Beogh smites you! The adder barely misses you.
The orc priest mumbles some strange prayers to Beogh against you.
Beogh smites you!
* * * LOW HITPOINT WARNING * * *
You feel very mighty all of a sudden. The adder bites you.
* * * LOW HITPOINT WARNING * * *
You barely miss the adder. The adder bites you but does no damage.
A hobgoblin comes into view.
You block the adder's attack.
You miss the adder. You block the adder's attack.
You closely miss the adder.
The adder bites you but does no damage. x2
You closely miss the adder. The adder bites you but does no damage.
The adder barely misses you.
You barely miss the adder. The adder closely misses you.
The orc priest looks braver for a moment.
The adder bites you but does no damage.
You closely miss the adder. The adder bites you but does no damage.
The orc priest miscasts a cantrip.
The adder closely misses you.
You slash the adder!
You kill the adder!
You hit the orc.
The orc is moderately wounded.
The orc priest invokes the aid of Beogh against you.
Beogh smites you!
You die...

# #.###+# #......
##....o###############
.......ooo@..........#
##.....#############.#
....>.. #.# ###....
#.# #.... #.# #....
#.# #.... #.# .....
#.# #.#


You could see an orc priest and 3 orcs.

Vanquished Creatures
  An adder (D:3)
  2 dart slugs (D:2)
  2 ball pythons (D:2)
  A bat (D:1)
  3 endoplasms
  2 giant cockroaches
  A goblin (D:2)
  6 hobgoblins
  3 jackals (D:2)
  2 kobolds (D:1)
  A quokka (D:2)
  A frilled lizard (D:1)
  5 rats
30 creatures vanquished.

Notes
Turn   | Place    | Note
-------+----------+-------------------------------------------
     0 | D:1      | purpskrrrp the Demonspawn Fighter began the quest for the
                  | Orb.
     0 | D:1      | Reached XP level 1. HP: 18/18 MP: 1/1
   208 | D:1      | Found Ruid's Distillery.
   220 | D:1      | Gained mutation: You are partially covered in rugged brown
                  | scales. (AC +1, +3% HP) [demonic ancestry]
   220 | D:1      | Reached XP level 2. HP: 18/24 MP: 2/2
   474 | D:1      | Found Oceoz's Armour Boutique.
   836 | D:2      | Gained mutation: A meltable shield of frost defends you.
                  | (SH +4) [demonic ancestry]
   836 | D:2      | Reached XP level 3. HP: 29/29 MP: 3/3
  1690 | D:3      | Killed from afar by an orc priest

Illustrated notes

Levels and vault maps discovered:
D:1:      dpeg_arrival_more_subterranean_lakeside_camping, layout_rooms,
          serial_shops, nicolae_shop_hallway_stairs, shop
D:2:      layout_loops_cross, roderic_roman_lattice
D:3:      layout_basic

Skill      XL: |  1  2 |
---------------+-------+-----
Axes           | 2 3 |  3.4
Fighting       | |  3.0
Armour         | |  2.7
Shields        | |  2.7

Action                     || total
---------------------------++-------
  Melee: War axe           ||    88
    Use: Scroll            ||     7
         Potion            ||     1
 Armour: Scale mail        ||    42
  Dodge: Dodged            ||    30
  Block: Buckler           ||    28

Table legend: (Time is in decaauts)
 A = Elapsed time spent in this place.
 B = Non-inter-level travel time spent in this place.
 C = Inter-level travel time spent in this place.
 D = Time resting spent in this place.
 E = Time spent auto-exploring this place.
 F = Levels seen in this place.
 G = Mean time per level.
                   A        B        C        D        E       F      G
               +--------+--------+--------+--------+--------+-----+--------+
         Total |   1727 |   1598 |    129 |    234 |   1055 |   3 |  575.7 |
       Dungeon |   1727 |   1598 |    129 |    234 |   1055 |   3 |  575.7 |
               +--------+--------+--------+--------+--------+-----+--------+

Top non-repeatable levels by time:
     D:2: 967 daAuts
     D:1: 708 daAuts
     D:3: 51 daAuts
